[Event "*** Titled Tuesday Blitz"]
[Site "Chess.com"]
[Date "2021.03.30"]
[Round "5"]
[White "Murad_Ibrahimli"]
[Black "BilodeauA"]
[Result "0-1"]
[WhiteElo "2816"]
[BlackElo "2925"]
[TimeControl "180+1"]
[EndTime "10:55:36 PDT"]
[Termination "BilodeauA won by resignation"]

1. Nf3 d5 2. g3 Nd7 3. d4 Nb6 4. Bg2 Bf5 5. Bf4 e6 6. a4 a5 7. Nc3 Bb4 8. O-O Bxc3 9. bxc3 h6 10. Nd2 Nf6 11. c4 O-O 12. c5 Nc8 13. Rb1 b6 14.
Nb3 Ne7 15. Rc1 Be4 16. f3 Bg6 17. Re1 Qd7 18. Ra1 Nc6 19. e4 Rad8 20. e5 Nh7 21.
h4 f6 22. exf6 Nxf6 23. Bh3 Rde8 24. Be5 Nh5 25. Kg2 Bf5 26. Bxf5 exf5 27. Qd3 Qf7 28.
Kh2 Re7 29. cxb6 cxb6 30. Qb5 Qg6 31. Qxd5+ Kh7 32. Rg1 Rd8 33. Qc4 Nxe5 34. dxe5 Rxe5 35. Raf1 Rde8 36. Rf2 Re1 37. Rfg2 Rxg1 38. Rxg1 Re3 39.
Nd4 Qf6 40. Qd5 Re5 41. Qb3 f4 42. Qd3+ Kh8 43. Ne2 fxg3+ 44. Kg2 Rxe2+ 0-1

[Event "*** Titled Tuesday Blitz"]
[Site "Chess.com"]
[Date "2021.03.30"]
[Round "5"]
[White "AniJak"]
[Black "esteban062000"]
[Result "1-0"]
[WhiteElo "2311"]
[BlackElo "2175"]
[TimeControl "180+1"]
[EndTime "10:55:36 PDT"]
[Termination "AniJak won by resignation"]

1. e4 c5 2. Nc3 Nc6 3. g3 g6 4. Bg2 Bg7 5. d3 e6 6. Be3 d6 7. Qd2 a6 8. h4 b5 9. h5 Bb7 10. hxg6 hxg6 11. Rxh8 Bxh8 12. Nh3 b4 13. Nd1 Nge7 14.
Kf1 a5 15. Kg1 Nd4 16. c3 Ndc6 17. Rc1 Qd7 18. Bg5 f6 19. Be3 O-O-O 20. d4 cxd4 21. cxd4 d5 22. a3 Kb8 23. axb4 Nxb4 24. e5 fxe5 25.
dxe5 Bxe5 26. Bb6 Rc8 27. Rxc8+ Qxc8 28. Bxa5 Nbc6 29. Bb6 Bc7 30. Bxc7+ Qxc7 31. Nf4 Bc8 32. Nc3 Ne5 33. Nb5 Qb6 34. Qb4 Nc4 35. Qxe7 Qxb5 36.
Nxe6 Bxe6 37. Qxe6 Qxb2 38. Qxd5 Qc1+ 39. Kh2 Qh6+ 40.
Bh3 Qc1 41. Qd8+ Kb7 42. Bc8+ Kc6 43. Qd7+ Kc5 44. Qc7+ Kb4 45. Qb7+ Kc3 46. Qf3+ Kd4 47. Bh3 Qd2 48. Bg2 Ne5 49. Qd5+ Kc3 50. Qxe5+ Qd4 51.
Qxd4+ Kxd4 52. Kh3 Ke5 53. Kg4 Kf6 54. Kf4 Kg7 55.
Kg5 Kh7 56. Be4 Kg7 57. Bxg6 Kg8 58. f4 Kh8 59. f5 Kg7 60. f6+ Kg8 61. f7+ Kf8 62.
Kh6 1-0

[Event "*** Titled Tuesday Blitz"]
[Site "Chess.com"]
[Date "2021.03.30"]
[Round "5"]
[White "GM_LOADING"]
[Black "seorobert1971"]
[Result "0-1"]
[WhiteElo "2533"]
[BlackElo "2736"]
[TimeControl "180+1"]
[EndTime "10:55:38 PDT"]
[Termination "seorobert1971 won by resignation"]

1. e4 e6 2. d4 d5 3. Nc3 Nf6 4. Bg5 Bb4 5. e5 h6 6. Be3 Ne4 7. Qg4 Kf8 8. a3 Bxc3+ 9. bxc3 Nxc3 10. Bd3 b6 11. h4 Ba6 12. Rh3 Bxd3 13. cxd3 h5 14.
Qf4 Nd7 15. Rf3 Qe7 16. Nh3 c5 17. Ng5 f6 18. exf6 gxf6 19. Bd2 Nb5 20. dxc5 bxc5 21.
Kf1 Nd4 22. Re1 e5 23. Qg3 Nxf3 24. Qxf3 Qd6 25. Qf5 Ke7 26. d4 Raf8 27. dxc5 Qc6 28. Nh3 Kd8 29. Rb1 Kc8 30. Nf4 exf4 31. Bxf4 Kd8 32. Bd6 Re8 33. a4 d4 34. a5 a6 35.
Kg1 Qe4 36. Rb7 Qxf5 0-1

[Event "*** Titled Tuesday Blitz"]
[Site "Chess.com"]
[Date "2021.03.30"]
[Round "5"]
[White "chessdjw"]
[Black "Duhless"]
[Result "0-1"]
[WhiteElo "2783"]
[BlackElo "3051"]
[TimeControl "180+1"]
[EndTime "10:55:39 PDT"]
[Termination "Duhless won by resignation"]

1. e4 g6 2. d4 Bg7 3. Nc3 d6 4. Be3 a6 5. Qd2 b5 6. O-O-O Nd7 7. h4 h6 8. Kb1 Nb6 9. f3 Nf6 10. g4 b4 11. Nce2 Nc4 12. Qd3 Nxe3 13. Qxe3 h5 14. g5 Nd7 15. f4 c5 16. d5 Nb6 17.
Ng3 O-O 18. Be2 Rb8 19. f5 Na4 20. Bxh5 gxh5 21. Nxh5 Nc3+ 22. Kc1 Nxd1 23. Kxd1 Bd4 24. Qg3 Qa5 25. Nf3 Qxa2 26. Nxd4 Qb1+ 27. Kd2 Qxh1 28.
Nf6+ Kg7 29. Nh5+ Kg8 30. Nf6+ Kh8 31. Qg4 Kg7 32. Qh5 Rh8 33. Ne8+ Kg8 34. Qg4 Rxh4 35. Qg3 Qh2+ 36. Qxh2 Rxh2+ 37. Kd3 cxd4 0-1

[Event "*** Titled Tuesday Blitz"]
[Site "Chess.com"]
[Date "2021.03.30"]
[Round "5"]
[White "BogdanDeac"]
[Black "ShapkinAnatoliy"]
[Result "1-0"]
[WhiteElo "3015"]
[BlackElo "2660"]
[TimeControl "180+1"]
[EndTime "10:55:39 PDT"]
[Termination "BogdanDeac won by resignation"]

1. b3 e5 2. Bb2 Nc6 3. e3 Nf6 4.
Bb5 Bd6 5. Ne2 a6 6. Bxc6 dxc6 7.
Ng3 O-O 8. d3 Re8 9. Nd2 c5 10.
a4 Rb8 11. O-O b5 12. axb5 axb5 13. e4 Be6 14. Nf5 c4 15. Nxd6 Qxd6 16. Nf3 Bg4 17. h3 Bxf3 18. Qxf3 cxb3 19. cxb3 Nd7 20.
Rfd1 Qe6 21. d4 exd4 22. Bxd4 Qxe4 23. Qg3 Qg6 24. Qxc7 Nf8 25. Be3 Ne6 26. Qe5 h6 27. b4 Ng5 28. Qg3 Ne4 29. Qxg6 fxg6 30. Ra7 Rbd8 31. Rc1 Nd6 32. Rcc7 Nf5 33. Bc5 Rd1+ 34. Kh2 Ree1 35. g4 Rh1+ 36. Kg2 Rdg1+ 37. Kf3 Rxh3+ 38. Kf4 Rh4 39. f3 h5 40. Bxg1 hxg4 41. fxg4 1-0

[Event "*** Titled Tuesday Blitz"]
[Site "Chess.com"]
[Date "2021.03.30"]
[Round "5"]
[White "Gentlejimmy7"]
[Black "tjychess"]
[Result "0-1"]
[WhiteElo "2496"]
[BlackElo "2696"]
[TimeControl "180+1"]
[EndTime "10:55:39 PDT"]
[Termination "tjychess won by resignation"]

1. d4 Nf6 2. g3 d5 3. Bg2 c6 4. Nf3 Bf5 5. c4 e6 6. Qb3 Qb6 7. c5 Qxb3 8. axb3 Na6 9. Nc3 Be7 10. O-O O-O 11. Bf4 Rfc8 12. Ra4 Bc2 13. Nd2 Nd7 14. Rc1 Bg6 15. b4 Nc7 16. Nb3 a6 17. Na5 Ra7 18.
Raa1 f6 19. e4 dxe4 20. Bxe4 Bxe4 21. Nxe4 Nd5 22. Bd2 Kf8 23. Nc4 b6 24. Ned6 Rd8 25. Ne3 Nxe3 26. Bxe3 bxc5 27. dxc5 Rb8 28. Ra4 Ne5 29.
Rca1 Nd3 30. Bd2 Bxd6 31. cxd6 Rd8 32. Rxa6 Rxa6 33. Rxa6 Rxd6 34. b5 Ke7 35. Rxc6 Rxc6 36.
bxc6 Kd6 37. Bc3 Kxc6 38. Kf1 Kd5 39. Ke2 Kc4 40. f4 Nc5 41. Ke3 Na4 42. Bd4 Kb3 43. g4 Nxb2 44. g5 Nc4+ 45. Kd3 fxg5 46. fxg5 g6 47.
h4 Kb4 48. Ke4 Kb5 49. Bc3 Kc5 50. Bd4+ Kd6 51. Bc3 e5 52. Bb4+ Ke6 53. Kd3 Nd6 54. Ke3 Nf5+ 55. Kf3 Nxh4+ 56. Ke4 Nf5 57. Bd2 Nd6+ 58.
Kf3 Kf5 59. Bc1 Ne4 60. Bb2 Nxg5+ 0-1

[Event "*** Titled Tuesday Blitz"]
[Site "Chess.com"]
[Date "2021.03.30"]
[Round "5"]
[White "MartinHollan"]
[Black "Gloomy_Wanderer"]
[Result "0-1"]
[WhiteElo "2438"]
[BlackElo "2703"]
[TimeControl "180+1"]
[EndTime "10:55:39 PDT"]
[Termination "Gloomy_Wanderer won on time"]

1. d4 Nf6 2. Nf3 e6 3. c4 d5 4.
g3 dxc4 5. Bg2 Bb4+ 6. Nbd2 b5 7. O-O O-O 8. a4 c6 9. Ne5 Nd5 10. e4 Nb6 11. Ndf3 f6 12. Ng4 Nxa4 13. Ne3 Nb6 14. d5 cxd5 15. exd5 e5 16. Nh4 Bb7 17. Nhf5 g6 18. Nh6+ Kg7 19. Nhf5+ gxf5 20. Nxf5+ Kh8 21. Bh6 Rg8 22. Qh5 N8d7 23. Qf7 Bf8 24. Be4 Bxh6 25.
Nxh6 Rg7 26. Qe6 Qf8 27. Qh3 Nc5 28. Bc2 Bxd5 29. Nf5 Rd7 30. Rad1 Rad8 31. Ne3 Be6 32. Qh5 Qf7 33. Rxd7 Rxd7 34. Qh6 Nd3 35. Ra1 Nd5 36. Ng2 N5b4 37. Bd1 Qg7 38. Qh4 Qg5 0-1

[Event "*** Titled Tuesday Blitz"]
[Site "Chess.com"]
[Date "2021.03.30"]
[Round "5"]
[White "chessdiamant"]
[Black "FMJoseHerrera"]
[Result "1-0"]
[WhiteElo "2373"]
[BlackElo "2528"]
[TimeControl "180+1"]
[EndTime "10:55:40 PDT"]
[Termination "chessdiamant won on time"]

1. e4 c5 2. Nf3 e6 3. d4 cxd4 4. Nxd4 a6 5. c4 Qc7 6. Nc3 b6 7. Be3 Bb7 8. Be2 Nf6 9. f3 d6 10. O-O Nbd7 11. Qd2 Be7 12. b4 h5 13. a3 h4 14. Rfe1 h3 15. g3 Rc8 16. Rad1 Qb8 17. Bf1 Ne5 18. Qa2 b5 19. cxb5 Rxc3 20. bxa6 Ba8 21.
Nb5 Nxf3+ 22. Kh1 Rc8 23. Ba7 Nxe4 24. Rxe4 Bxe4 25. Bxb8 Rc2 26. Qxc2 Bxc2 27. a7 Be4 28. Nc7+ Kd7 29. Bb5+ Kc8 30. Nd5 Nd4+ 31. Kg1 Bxd5 32. Rxd4 Bb7 33. Rc4+ Kd8 34. Bc6 Kc8 35. Bd5+ 1-0

[Event "*** Titled Tuesday Blitz"]
[Site "Chess.com"]
[Date "2021.03.30"]
[Round "5"]
[White "MaxLeto"]
[Black "LamaChampetre"]
[Result "1-0"]
[WhiteElo "2361"]
[BlackElo "2220"]
[TimeControl "180+1"]
[EndTime "10:55:40 PDT"]
[Termination "MaxLeto won on time"]

1. e4 c5 2. Nf3 g6 3. d4 cxd4 4.
Nxd4 Nc6 5. Nc3 Bg7 6. Be3 Nf6 7.
Nxc6 bxc6 8. e5 Ng8 9. f4 f6 10.
Qd4 Qa5 11. e6 d5 12. f5 Nh6 13. Bxh6 Bxh6 14. Bd3 gxf5 15. Bxf5 Ba6 16. Qh4 Bg5 17. Qh5+ Kd8 18. h4 Bf4 19. Qg4 Qb4 20. Rh3 Bd6 21. Qg7 Kc7 22. O-O-O Bc4 23. a3 Qb6 24. Qh6 Rab8 25.
b3 Bxb3 26. cxb3 Qxb3 27. Bc2 Qb2+ 28. Kd2 Qxa3 29. Nxd5+ cxd5 30. Rxa3 Bb4+ 31. Ke2 Bxa3 32. Rxd5 1-0

[Event "*** Titled Tuesday Blitz"]
[Site "Chess.com"]
[Date "2021.03.30"]
[Round "5"]
[White "LenkaPtacnikova"]
[Black "Agoking701"]
[Result "0-1"]
[WhiteElo "2170"]
[BlackElo "2321"]
[TimeControl "180+1"]
[EndTime "10:55:40 PDT"]
[Termination "Agoking701 won on time"]

1. Nf3 g6 2. g3 Bg7 3. Bg2 Nf6 4.
O-O O-O 5. c4 c6 6. d4 d5 7. cxd5 cxd5 8. Ne5 Ne4 9. Qb3 Nc6 10.
Nxc6 bxc6 11. Nc3 Nxc3 12. bxc3 Ba6 13. Qc2 Rb8 14. Ba3 Qa5 15. Bxe7 Rfe8 16. Bb4 Qc7 17.
Rfe1 Bxd4 18. cxd4 Rxb4 19. Bxd5 Rxd4 20. Bf3 Rc4 21.
Qb3 Rb8 22. Qe3 Rc2 23. Rec1 Rbb2 24. Rxc2 Rxc2 25. Rc1 Rxc1+ 26. Qxc1 c5 27. Qc3 c4 28. Bd5 Qc5 29. e4 Bb5 30. Kg2 h5 31. h4 a6 32.
Qf6 Qc7 33. Qxg6+ Kf8 34. Qh6+ Ke7 35. Qg5+ Kd7 36. Qf5+ Kd6 0-1

[Event "*** Titled Tuesday Blitz"]
[Site "Chess.com"]
[Date "2021.03.30"]
[Round "5"]
[White "dhaessel"]
[Black "esrosenberg"]
[Result "1-0"]
[WhiteElo "2018"]
[BlackElo "2203"]
[TimeControl "180+1"]
[EndTime "10:55:40 PDT"]
[Termination "dhaessel won on time"]

1. d4 Nf6 2. c4 e6 3. Nc3 Bb4 4. e3 O-O 5. Bd3 d5 6. cxd5 exd5 7. Ne2 b6 8. Bd2 Bb7 9. Rc1 Nbd7 10. O-O a6 11. f3 Re8 12. Nf4 Bd6 13. Qc2 Bxf4 14. exf4 Nf8 15. Rfe1 Qd6 16. Ne2 c6 17. f5 h6 18. Bf4 Qd7 19. g4 N8h7 20. h4 Re7 21. g5 hxg5 22. hxg5 Nh5 23. f6 N7xf6 24. gxf6 Nxf6 25. Be5 Qh3 26. Kf2 Rxe5 27. dxe5 Qh2+ 28. Ke3 Qxe5+ 29. Kd2 Re8 30. Kd1 c5 31. Qd2 c4 32.
Bb1 b5 33. Nd4 Qh5 34. Rxe8+ Nxe8 35. Qe2 Nf6 36. Kd2 Qg5+ 37. Qe3 Qg2+ 38. Ne2 d4 39.
Qxd4 1-0

[Event "*** Titled Tuesday Blitz"]
[Site "Chess.com"]
[Date "2021.03.30"]
[Round "5"]
[White "Tactictic"]
[Black "Deepweb2020"]
[Result "1-0"]
[WhiteElo "2396"]
[BlackElo "2509"]
[TimeControl "180+1"]
[EndTime "10:55:42 PDT"]
[Termination "Tactictic won on time"]

1. e4 e5 2. Nf3 Nc6 3. Bc4 Bc5 4. O-O d6 5. c3 Bg4 6. a4 a5 7. h3 Bh5 8. d3 Nf6 9. Be3 O-O 10. d4 exd4 11.
cxd4 Bxf3 12. gxf3 Bb6 13. Nc3 Nb4 14. Kh2 d5 15.
Bb3 c5 16. dxc5 Bxc5 17. Bxc5 Qc7+ 18. Kg2 Qxc5 19. Nxd5 Nbxd5 20. Bxd5 Rad8 21. Qb3 Nxd5 22. exd5 Rxd5 23. Rad1 Rg5+ 24. Kh2 Qe5+ 25. Kh1 Qf5 26. f4 Qxf4 27. Qxb7 Qxa4 28. Qe7 Qc6+ 29. f3 Rh5 30. Rd8 Rxh3+ 31. Kg2 Qg6+ 32. Kxh3 Qh5+ 33. Kg2 Qg6+ 34. Kf2 Qc2+ 35. Kg1 Qg6+ 36. Kh1 1-0

[Event "*** Titled Tuesday Blitz"]
[Site "Chess.com"]
[Date "2021.03.30"]
[Round "5"]
[White "Chessmasterzt"]
[Black "Msb2"]
[Result "0-1"]
[WhiteElo "2621"]
[BlackElo "2909"]
[TimeControl "180+1"]
[EndTime "10:55:43 PDT"]
[Termination "Msb2 won on time"]

1. d4 d5 2. c4 e6 3. Nf3 Nf6 4. g3 Bb4+ 5. Bd2 Bd6 6. Qc2 O-O 7. Nc3 dxc4 8. e4 Be7 9. Bxc4 Nc6 10.
Ne2 Nb4 11. Qb1 c5 12. O-O Nc6 13. Bc3 cxd4 14. Nexd4 Nxd4 15. Nxd4 Bd7 16. e5 Nd5 17. Bxd5 exd5 18. Re1 Qb6 19. Qd3 Rae8 20. Rad1 Bd8 21. Kg2 Bc7 22. f4 Qh6 23. Bb4 Bg4 24. Rc1 Qh3+ 25.
Kg1 Bb6 26. Bxf8 Bf5 27. Qd2 Rxf8 28. b4 Be4 29. Re2 h5 30. Rc3 f6 31. e6 Qxe6 32. Kf1 Qh3+ 33. Ke1 a5 34. a3 axb4 35. axb4 Ra8 36. Rc1 Ra3 37. Rxe4 dxe4 38. Ne2 Qxh2 39. Qd5+ Kh7 40. Qxe4+ Kh6 41. f5 Qf2+ 42. Kd1 Be3 0-1

[Event "*** Titled Tuesday Blitz"]
[Site "Chess.com"]
[Date "2021.03.30"]
[Round "5"]
[White "ErikBlomqvist"]
[Black "PowerThinking2650"]
[Result "0-1"]
[WhiteElo "2595"]
[BlackElo "2426"]
[TimeControl "180+1"]
[EndTime "10:55:43 PDT"]
[Termination "PowerThinking2650 won by checkmate"]

1. e4 e5 2. Bc4 Nf6 3. d3 Nc6 4. a3 d5 5. exd5 Nxd5 6. Nf3 Be7 7. O-O O-O 8. Re1 Bg4 9. h3 Bh5 10. g4 Bg6 11. Nxe5 Nxe5 12. Rxe5 Nb6 13. Bb3 Bd6 14.
Re1 Qh4 15. Qf3 Rae8 16. Rxe8 Rxe8 17. Be3 Nd7 18. Nd2 Ne5 19. Qg2 h5 20. Nf3 Nxf3+ 21.
Qxf3 hxg4 22. Qxg4 Qf6 23. Bd4 Be5 24. Re1 Bf5 25.
Qh5 g6 26. Qh6 Re7 27. Rxe5 Rxe5 28. Bxe5 Qxe5 29. Kg2 Bd7 30. Qe3 Bc6+ 31. Kg1 Qf6 32. a4 a5 33. Kh2 b6 34. Qg3 Kg7 35. Kg1 Qxb2 36. Qxc7 Qa1+ 37. Kh2 Qh1+ 38. Kg3 Qg2+ 39. Kh4 Qxf2+ 40. Kg4 Qg2+ 41. Kh4 g5+ 42. Kh5 Bf3# 0-1

[Event "*** Titled Tuesday Blitz"]
[Site "Chess.com"]
[Date "2021.03.30"]
[Round "5"]
[White "iamnotIM"]
[Black "ErikRonka"]
[Result "1/2-1/2"]
[WhiteElo "2579"]
[BlackElo "2406"]
[TimeControl "180+1"]
[EndTime "10:55:43 PDT"]
[Termination "Game drawn by repetition"]

1. c4 c6 2. Nf3 d5 3. g3 Nf6 4. Bg2 Bg4 5. Ne5 Be6 6. cxd5 Bxd5 7. Nf3 c5 8. Nc3 Bc6 9. O-O e6 10. d3 Be7 11. b3 O-O 12. Bb2 Nbd7 13. a3 Rc8 14.
Rc1 b6 15. Re1 Qc7 16. Qc2 Qb7 17. e4 Rfd8 18. Qb1 Ng4 19. Ne2 Bf6 20. Qa1 Bxb2 21. Qxb2 Qb8 22. d4 Bxe4 23. h3 Ngf6 24. Nf4 Qb7 25. Ne5 Bxg2 26. Nxg2 cxd4 27. Qxd4 Nxe5 28. Qxe5 Nd5 29. h4 h6 30. Ne3 Nxe3 31. Qxe3 Rd5 32.
Rxc8+ Qxc8 33. Rc1 Qd7 34. Qc3 Rd1+ 35. Rxd1 Qxd1+ 36.
Kh2 Qd7 37. a4 g6 38. Qe5 h5 39. Qb8+ Kh7 40. Qf8 Qc7 41. b4 a5 42. bxa5 bxa5 43. Kg1 Qd7 44. Kh2 Qc7 45. Kg1 Qd7 46. Kh2 Qc7 1/2-1/2

[Event "*** Titled Tuesday Blitz"]
[Site "Chess.com"]
[Date "2021.03.30"]
[Round "5"]
[White "ljuks68"]
[Black "VladDobrov"]
[Result "0-1"]
[WhiteElo "2476"]
[BlackElo "2752"]
[TimeControl "180+1"]
[EndTime "10:55:43 PDT"]
[Termination "VladDobrov won by resignation"]

1. e4 c5 2. Nf3 Nc6 3. d4 cxd4 4. Nxd4 Qb6 5. c3 Nf6 6. Bd3 g6 7. Nxc6 dxc6 8. O-O Bg7 9. a4 O-O 10. Be3 Qxb2 11.
Ra3 Rd8 12. a5 Be6 13. Bc1 Rxd3 14. Qxd3 Qb5 15. Qxb5 cxb5 16. f3 Rd8 17. a6 b6 18.
Bf4 Bc4 19. Re1 Nd7 20. Rd1 e5 21. Be3 Bf8 22. Ra1 Be6 23. Bxb6 axb6 24. Na3 Bxa3 25. Rxa3 Ra8 26. a7 Kf8 27. g3 Ke7 28. f4 Kd8 29. Kf2 Kc7 30. Ke3 Kb7 31. Rda1 Nc5 32. Rb1 Kc6 33.
Rb4 Na4 34. c4 Bxc4 35. Rxc4+ bxc4 36. Rxa4 b5 37. Ra1 Kb6 38. fxe5 Rxa7 39. Rf1 Rd7 40.
Rf6+ Kc5 41. e6 fxe6 42. Rxe6 c3 43. Re8 Kc4 44. e5 c2 45. Rc8+ Kb3 46. Ke4 Kb2 47. e6 Re7 48. Ke5 c1=Q 0-1

[Event "*** Titled Tuesday Blitz"]
[Site "Chess.com"]
[Date "2021.03.30"]
[Round "5"]
[White "Isajevsky_Anton"]
[Black "ymoy"]
[Result "0-1"]
[WhiteElo "2533"]
[BlackElo "2735"]
[TimeControl "180+1"]
[EndTime "10:55:44 PDT"]
[Termination "ymoy won on time"]

1. c4 Nf6 2. Nc3 e6 3. Nf3 b6 4. g3 Bb7 5. Bg2 Be7 6. O-O O-O 7. b3 d5 8. cxd5 exd5 9. d4 Na6 10. Bb2 Re8 11. Rc1 Bf8 12. Ne5 Qe7 13. e3 c5 14. Re1 Rac8 15. Nb5 Ba8 16. a3 h6 17.
f3 Nb8 18. Qd2 a6 19. Nc3 Qd6 20. Na4 c4 21. b4 Nbd7 22. Bh3 Rcd8 23. Rcd1 Qc7 24.
Nxd7 Nxd7 25. Nc3 Nf6 26. Bg2 b5 27. Qf2 a5 28. Nxb5 Qb6 29. Nc3 axb4 30. axb4 Bxb4 31. Qc2 Rb8 32. Bc1 Bc6 33. Bd2 Bxc3 34. Qxc3 Qb3 35.
Rc1 Qxc3 36. Bxc3 Rb3 37. g4 Nd7 38. e4 Nf6 39. e5 Nd7 40. f4 Ra8 41. f5 Nf8 42. e6 fxe6 43. fxe6 Re8 44. e7 Nd7 45. Re6 Bb7 46. Ba5 Kf7 47. Rce1 Nf6 48. Bd8 Ne4 49. Re5 c3 50. Bxe4 dxe4 51. Rf5+ Ke6 52. Re5+ Kd7 53. Rf5 c2 54. Rc5 Rb2 0-1

[Event "*** Titled Tuesday Blitz"]
[Site "Chess.com"]
[Date "2021.03.30"]
[Round "5"]
[White "serhanberat_ozdemir"]
[Black "Shuvalov"]
[Result "1/2-1/2"]
[WhiteElo "2677"]
[BlackElo "2426"]
[TimeControl "180+1"]
[EndTime "10:55:44 PDT"]
[Termination "Game drawn by repetition"]

1. e4 e6 2. d4 d5 3. Nd2 Nf6 4. e5 Nfd7 5. Bd3 c5 6. c3 Nc6 7. Ngf3 g6 8. O-O Bg7 9. Re1 O-O 10. Nf1 Qb6 11. Bc2 cxd4 12. cxd4 f6 13. exf6 Nxf6 14.
Ng3 Bd7 15. Be3 Ng4 16. a3 Rac8 17. b4 a5 18. bxa5 Nxa5 19. Rb1 Qc7 20. Ba4 Bxa4 21. Qxa4 Nc4 22. Rbc1 Qd6 23. Qb4 Qxb4 24. axb4 Ncxe3 25. fxe3 Bh6 26. Nf1 Rxc1 27. Rxc1 Nxe3 28. Rc7 Nxf1 29.
Kxf1 Rf7 30. Rc8+ Rf8 31. Rc7 Rf7 32. Rc8+ Rf8 33. Rc5 Rf7 34. Ke2 Bf8 35. Rb5 Rc7 36. Ne5 Bd6 37. Rb6 Bxe5 38. dxe5 Kf7 39. Kd3 Ke7 40. h3 h5 41. g3 g5 42. Kd4 Rc4+ 43. Kd3 Rc7 44. Rb5 Kd7 45. Rb6 Ke7 1/2-1/2

[Event "*** Titled Tuesday Blitz"]
[Site "Chess.com"]
[Date "2021.03.30"]
[Round "5"]
[White "Rytenko_V"]
[Black "Ranindu2003"]
[Result "0-1"]
[WhiteElo "2407"]
[BlackElo "2599"]
[TimeControl "180+1"]
[EndTime "10:55:44 PDT"]
[Termination "Ranindu2003 won on time"]

1. d4 Nf6 2. c4 e6 3. Nc3 Bb4 4. Bd2 O-O 5. Nf3 c5 6. e3 b6 7.
a3 Bxc3 8. Bxc3 Bb7 9. g3 Ne4 10. Bg2 Nxc3 11. bxc3 Nc6 12. O-O Na5 13. Nd2 Bxg2 14.
Kxg2 Rc8 15. Rc1 Qe7 16. d5 f5 17. Qe2 e5 18. e4 f4 19. f3 d6 20. Rb1 h5 21.
Nb3 Nb7 22. a4 Rf6 23. a5 bxa5 24. Ra1 Rcf8 25. Nxa5 Nxa5 26. Rxa5 fxg3 27. hxg3 Rg6 28. Rh1 Qg5 29. Qf2 Rf7 30. Ra6 Rgf6 31. Rh4 Rf4 32. Rxf4 exf4 33. Rxd6 Qe5 34. Re6 Qxc3 35. Qxc5 fxg3 36.
Qc8+ Kh7 37. Re8 Qxf3+ 38. Kh3 g2+ 39. Kh4 Rf4+ 0-1

[Event "*** Titled Tuesday Blitz"]
[Site "Chess.com"]
[Date "2021.03.30"]
[Round "5"]
[White "Eternauta2400"]
[Black "korbul"]
[Result "0-1"]
[WhiteElo "2378"]
[BlackElo "2581"]
[TimeControl "180+1"]
[EndTime "10:55:44 PDT"]
[Termination "korbul won on time"]

1. e4 c5 2. Nf3 e6 3. d4 cxd4 4.
Nxd4 Nf6 5. Nc3 d6 6. Bc4 Be7 7. O-O O-O 8. a4 Nc6 9. Be3 Bd7 10. f4 Nxd4 11. Bxd4 Bc6 12. Qe2 Qa5 13. f5 e5 14. Bf2 Qb4 15. Ra3 Nxe4 16. Nxe4 d5 17.
f6 gxf6 18. Nd2 dxc4 19. Rh3 Rfd8 20. Qg4+ Kf8 21. Rxh7 Ke8 22. c3 Qd6 23. Nxc4 Qe6 24. Rh8+ Bf8 25. Qh4 Kd7 26. Ne3 Kc7 27. Rh7 Be7 28.
Qh5 Rf8 29. Bg3 Rad8 30. Nf5 Bc5+ 31. Kh1 Qd5 32. Nh4 Rd7 33. Qf5 Rg8 34. Qxf6 Qd3 35. Bxe5+ Kb6 36. Rxf7 Qe4 37. Qf3 Qxh4 0-1

[Event "*** Titled Tuesday Blitz"]
[Site "Chess.com"]
[Date "2021.03.30"]
[Round "5"]
[White "politeplayer"]
[Black "MergenKakabaev"]
[Result "0-1"]
[WhiteElo "2223"]
[BlackElo "2370"]
[TimeControl "180+1"]
[EndTime "10:55:44 PDT"]
[Termination "MergenKakabaev won on time"]

1. e4 e5 2. Nf3 Nc6 3. d4 exd4 4. Bc4 Nf6 5. O-O Nxe4 6. Re1 d5 7. Bxd5 Qxd5 8. Nc3 Qa5 9. Nxe4 Be6 10. Bg5 h6 11. Bh4 Bb4 12. c3 dxc3 13. bxc3 Bxc3 14. Nxc3 Qxc3 15.
Rc1 Qa5 16. Bg3 O-O 17. Ne5 Nxe5 18. Bxe5 Rad8 19. Qf3 c6 20. Qg3 f6 21. Bc7 Qxa2 22.
Bxd8 Rxd8 23. Qc7 Rd7 24. Qb8+ Kh7 25. Ra1 Qb3 26. Rab1 Qc2 27. Rbc1 Qf5 28. Qxa7 b5 29. Qe3 Bd5 30. Ra1 b4 31. h3 b3 32. Ra8 Qg5 33. Qd3+ f5 34. g4 Be6 35. Qb1 Qf6 36. gxf5 Bf7 0-1

[Event "*** Titled Tuesday Blitz"]
[Site "Chess.com"]
[Date "2021.03.30"]
[Round "5"]
[White "Make_it_shine060"]
[Black "pfalcon1949"]
[Result "0-1"]
[WhiteElo "2198"]
[BlackElo "1997"]
[TimeControl "180+1"]
[EndTime "10:55:44 PDT"]
[Termination "pfalcon1949 won by resignation"]

1. d4 Nf6 2. c4 e6 3. Nf3 Bb4+ 4.
Nbd2 b6 5. a3 Bxd2+ 6. Bxd2 Bb7 7. g3 Ne4 8. Be3 f5 9. Bg2 O-O 10. O-O d6 11. Qd3 Nd7 12. b4 Ndf6 13. Ng5 Qe7 14. Nxe4 Bxe4 15. Bxe4 fxe4 16. Qd2 d5 17. c5 b5 18. f3 c6 19. fxe4 Nxe4 20. Qd3 Rxf1+ 21.
Rxf1 Rf8 22. Rxf8+ Qxf8 23. Kg2 Qf5 24. h4 h6 25. a4 a6 26. axb5 axb5 27. Qb1 Qg4 28. Qe1 Kh7 29. Kh2 g5 30. hxg5 hxg5 31. Kg2 Qh5 32. Bf2 g4 33. e3 Qh3+ 34. Kg1 Qh6 35. Qf1 Nd2 36. Qd1 Nf3+ 37. Kf1 Qh3+ 38. Ke2 Qh6 39.
Qd3+ Qg6 40. Qd1 Qe4 41. Qh1+ Kg6 42. Qd1 Kf5 43. Qd3 Qxd3+ 44. Kxd3 Ng5 45. Ke2 Ke4 46. Bg1 Nf7 47. Bf2 e5 48. Bg1 Ng5 49. Bf2 Nf3 50.
Bg1 exd4 51. Kf2 dxe3+ 52. Ke2 Nxg1+ 0-1

[Event "*** Titled Tuesday Blitz"]
[Site "Chess.com"]
[Date "2021.03.30"]
[Round "5"]
[White "Iskusnyh"]
[Black "CrushingKings"]
[Result "1-0"]
[WhiteElo "2630"]
[BlackElo "2454"]
[TimeControl "180+1"]
[EndTime "10:55:45 PDT"]
[Termination "Iskusnyh won on time"]

1. d4 Nf6 2. c4 e6 3. g3 c5 4. Nf3 cxd4 5. Nxd4 d5 6. Bg2 e5 7.
Nf3 d4 8. O-O Nc6 9. e3 Be7 10.
exd4 exd4 11. b4 Nxb4 12. Nxd4 O-O 13. Nc3 Bg4 14. Nde2 Re8 15. Qb3 Qc8 16. Nf4 Bc5 17. Ba3 a5 18. Ncd5 Nfxd5 19. cxd5 Qd7 20. Rac1 b6 21. Bb2 f6 22. a3 a4 23. Qc4 Na6 24.
Ne6 Bf5 25. Rfe1 Ra7 26. Qf4 Bxe6 27. dxe6 Rxe6 28. Qc4 Nc7 29. Rxe6 Qxe6 30. Qxe6+ Nxe6 31. Bd5 Kf7 32. Re1 Re7 33. Kg2 Bd6 34. f4 g6 35.
Kf3 h5 36. h3 Bc7 37. g4 hxg4+ 38. hxg4 f5 39. g5 Re8 40. Bf6 Bd6 41. Rh1 1-0

[Event "*** Titled Tuesday Blitz"]
[Site "Chess.com"]
[Date "2021.03.30"]
[Round "5"]
[White "DenisQ"]
[Black "Evgeny81"]
[Result "0-1"]
[WhiteElo "2650"]
[BlackElo "2779"]
[TimeControl "180+1"]
[EndTime "10:55:46 PDT"]
[Termination "Evgeny81 won on time"]

1. Nf3 Nf6 2. c4 e6 3. Nc3 Bb4 4. Qb3 c5 5. g3 O-O 6. Bg2 Nc6 7.
O-O d6 8. Rd1 e5 9. d3 h6 10. a3 Bxc3 11. Qxc3 Bf5 12. b4 Re8 13. bxc5 dxc5 14. Nd2 Nd4 15. Re1 Qd7 16. Bb2 Rad8 17. Rad1 Bh3 18. e3 Bxg2 19. Kxg2 Qc6+ 20. f3 Nf5 21.
Ne4 Nh7 22. g4 Nh4+ 23. Kg3 Ng6 24. d4 exd4 25. exd4 Qc7+ 26. Kg2 Nf4+ 27. Kf1 cxd4 28. Rxd4 Rxd4 29. Qxd4 Ne6 30. Qxa7 Qxh2 31. Qf2 Qc7 32. c5 Nhg5 33. Nd6 Ra8 34. Nf5 Qf4 35. Kg2 Rd8 36.
Re2 Qc4 37. Be5 Rd3 38. Re3 Rd1 39. f4 Qd5+ 0-1

[Event "*** Titled Tuesday Blitz"]
[Site "Chess.com"]
[Date "2021.03.30"]
[Round "5"]
[White "Oligan22"]
[Black "katchesskat"]
[Result "1-0"]
[WhiteElo "2503"]
[BlackElo "2319"]
[TimeControl "180+1"]
[EndTime "10:55:46 PDT"]
[Termination "Oligan22 won on time"]

1. e4 c5 2. Nf3 e6 3. d4 cxd4 4. Nxd4 a6 5. c4 Qc7 6. Nc3 b6 7.
Bd3 Bb7 8. Be3 d6 9. Rc1 Nd7 10. O-O Be7 11. f3 Ngf6 12. Qd2 O-O 13. Qf2 Rac8 14.
Rfd1 Qb8 15. Bf1 Rfe8 16. b4 Bd8 17. Nb3 Bc7 18. g3 h5 19. Na4 Bc6 20. b5 axb5 21. cxb5 Ba8 22. Nd4 Nc5 23. Nc3 d5 24. exd5 Nxd5 25.
Nxd5 Bxd5 26. Nc6 Qa8 27. Rc2 h4 28. gxh4 Qa4 29. Rd4 Qa3 30. Rg4 Bd6 31. h5 Kh8 32. h6 g6 33. Nb4 Kh7 34. Nxd5 exd5 35. Bd4 Nd3 36. Bxd3 Qxd3 37. Rd2 Rc1+ 38. Kg2 Qf5 39. Be3 Qh5 40. Rh4 Qf5 41. Rhd4 Re1 42. Rxd5 1-0